3A
GRAND FORKS CATERPILLARS @ MYRTLE BEACH SEAHAWKS
07/01/2030
 
TOP OF THE 1ST
Grand Forks Caterpillars batting - Pitching for Myrtle Beach Seahawks : RHP Daryl Keirl
Pitching: RHP Daryl Keirl
Batting: LHB Mo-ruo Teoh 0-0: Ball
1-0: Called Strike
1-1: Ground out 1-3 (Groundball, 15S)
Batting: RHB Karsten Naarden 0-0: Ball
1-0: Ball
2-0: Called Strike
2-1: SINGLE (Groundball, 6D)
Batting: RHB Jun Kung 0-0: Foul Ball, location: 2F
0-1: Ground out 3-1 (Groundball, 23)
Karsten Naarden to second
Batting: SHB Jorge Alou 0-0: SINGLE (Groundball, 4D)
Karsten Naarden to third
Runner from 3rd tries for Home, SAFE, no throw
Batting: RHB Hang-ki Chung 0-0: Ball
1-0: Foul Ball, location: 2F
1-1: Called Strike
1-2: Ball
2-2: Ground out 4-3 (Groundball, 4)
Top of the 1st over - 1 run, 2 hits, 0 errors, 1 left on base; Grand Forks 1 - Myrtle Beach 0
BOTTOM OF THE 1ST
Myrtle Beach Seahawks batting - Pitching for Grand Forks Caterpillars : LHP Alex Bart
Pitching: LHP Alex Bart
Batting: RHB Chuk-yan Yang 0-0: Called Strike
0-1: Ball
1-1: SINGLE (Line Drive, 34)
Batting: LHB Peter Ough 0-0: Ball
Chuk-yan Yang is caught stealing 2nd base
1-0: Called Strike
1-1: Called Strike
1-2: Ball
2-2: Strikes out swinging
Batting: RHB Qu-bing Thien 0-0: Foul Ball, location: 2F
0-1: Swinging Strike
0-2: Ball
1-2: Strikes out swinging
Bottom of the 1st over - 0 runs, 1 hit, 0 errors, 0 left on base; Grand Forks 1 - Myrtle Beach 0
TOP OF THE 2ND
Grand Forks Caterpillars batting - Pitching for Myrtle Beach Seahawks : RHP Daryl Keirl
Batting: RHB Luis Pérez 0-0: Foul Ball, location: 2F
0-1: Foul Ball, location: 2F
0-2: Strikes out swinging
Batting: SHB Mathis Bonnet 0-0: Called Strike
0-1: Foul Ball, location: 2F
0-2: Ball
1-2: Ball
2-2: Strikes out swinging
Batting: RHB Lee Scrooby 0-0: Ball
1-0: Ball
2-0: Foul Ball, location: 2F
2-1: Ball
3-1: Base on Balls
Batting: RHB Cristián Ortíz 0-0: Fly out, F7 (Flyball, 78M)
Top of the 2nd over - 0 runs, 0 hits, 0 errors, 1 left on base; Grand Forks 1 - Myrtle Beach 0
BOTTOM OF THE 2ND
Myrtle Beach Seahawks batting - Pitching for Grand Forks Caterpillars : LHP Alex Bart
Batting: LHB Shohei Otani 0-0: Foul Ball, location: 2F
0-1: Ball
1-1: Swinging Strike
1-2: Strikes out swinging
Batting: RHB Jon Moon 0-0: Ball
1-0: Ball
2-0: Ball
3-0: Called Strike
3-1: Foul Ball, location: 2F
3-2: Strikes out swinging
Batting: RHB Melvin Aikey 0-0: Ball
1-0: Ball
2-0: Called Strike
2-1: Ball
3-1: Foul Ball, location: 2F
3-2: Base on Balls
Batting: RHB Chris Walters 0-0: Ball
1-0: Swinging Strike
1-1: Called Strike
1-2: Ground out 2-3 (Groundball, 2R)
Bottom of the 2nd over - 0 runs, 0 hits, 0 errors, 1 left on base; Grand Forks 1 - Myrtle Beach 0
TOP OF THE 3RD
Grand Forks Caterpillars batting - Pitching for Myrtle Beach Seahawks : RHP Daryl Keirl
Batting: LHB Mo-ruo Teoh 0-0: Called Strike
0-1: Ball
1-1: Ball
2-1: Called Strike
2-2: Ground out 6-3 (Groundball, 6)
Batting: RHB Karsten Naarden 0-0: Ball
1-0: Fly out, F8 (Flyball, 8LD)
Batting: RHB Jun Kung 0-0: Ball
1-0: SINGLE (Groundball, 56D)
Batting: SHB Jorge Alou 0-0: Called Strike
0-1: Foul Ball, location: 2F
0-2: Ball
1-2: Ball
2-2: Ball
3-2: Foul Ball, location: 2F
3-2: Ground out 5-3 (Groundball, 5L)
Top of the 3rd over - 0 runs, 1 hit, 0 errors, 1 left on base; Grand Forks 1 - Myrtle Beach 0
BOTTOM OF THE 3RD
Myrtle Beach Seahawks batting - Pitching for Grand Forks Caterpillars : LHP Alex Bart
Batting: RHB Roy Burns 0-0: Bunt for hit - play at first, batter OUT! 1-3
Batting: LHB Felipe Soto 0-0: Ball
1-0: Ball
2-0: Ball
3-0: Called Strike
3-1: Fly out, F8 (Flyball, 8LD)
Batting: RHB Chuk-yan Yang 0-0: Foul Ball, location: 2F
0-1: Called Strike
0-2: Ground out U3 (Groundball, 34S)
Bottom of the 3rd over - 0 runs, 0 hits, 0 errors, 0 left on base; Grand Forks 1 - Myrtle Beach 0
TOP OF THE 4TH
Grand Forks Caterpillars batting - Pitching for Myrtle Beach Seahawks : RHP Daryl Keirl
Batting: RHB Hang-ki Chung 0-0: Ball
1-0: Called Strike
1-1: SINGLE (Groundball, 56) (infield hit)
Batting: RHB Luis Pérez 0-0: Ball
1-0: Ball
2-0: Ball
3-0: Called Strike
3-1: Called Strike
3-2: Foul Ball, location: 2F
3-2: DOUBLE (Flyball, 78D)
Hang-ki Chung to third
Batting: SHB Mathis Bonnet 0-0: Ball
Wild Pitch!
Hang-ki Chung scores
Luis Pérez to third
1-0: Called Strike
1-1: Swinging Strike
1-2: Foul Ball, location: 2F
1-2: Strikes out swinging
Batting: RHB Lee Scrooby 0-0: Ball
1-0: Called Strike
1-1: Fly out, F9 (Flyball, 9)
Runner from 3rd tags up, SCORES, no throw
Batting: RHB Cristián Ortíz 0-0: Ball
1-0: Called Strike
1-1: Swinging Strike
1-2: Ground out 4-3 (Groundball, 4M)
Top of the 4th over - 2 runs, 2 hits, 0 errors, 0 left on base; Grand Forks 3 - Myrtle Beach 0
BOTTOM OF THE 4TH
Myrtle Beach Seahawks batting - Pitching for Grand Forks Caterpillars : LHP Alex Bart
Batting: LHB Peter Ough 0-0: Ball
1-0: Ball
2-0: Called Strike
2-1: Foul Ball, location: 2F
2-2: Ball
3-2: Fly out, F4 (Line Drive, 4)
Batting: RHB Qu-bing Thien 0-0: Ball
1-0: Ball
2-0: Ball
3-0: Called Strike
3-1: Base on Balls
Batting: LHB Shohei Otani 0-0: Swinging Strike
0-1: Ball
1-1: Called Strike
1-2: Strikes out swinging
Batting: RHB Jon Moon 0-0: Ball
1-0: SINGLE (Flyball, 78S)
Qu-bing Thien to second
Batting: RHB Melvin Aikey 0-0: Called Strike
0-1: Ball
1-1: Foul Ball, location: 2F
1-2: Fly out, F8 (Flyball, 89D)
Bottom of the 4th over - 0 runs, 1 hit, 0 errors, 2 left on base; Grand Forks 3 - Myrtle Beach 0
TOP OF THE 5TH
Grand Forks Caterpillars batting - Pitching for Myrtle Beach Seahawks : RHP Daryl Keirl
Batting: LHB Mo-ruo Teoh 0-0: Fly out, F7 (Flyball, 7)
Batting: RHB Karsten Naarden 0-0: Called Strike
0-1: Ball
1-1: Called Strike
1-2: Fly out, F9 (Line Drive, 9S)
Batting: RHB Jun Kung 0-0: Called Strike
0-1: Ball
1-1: Called Strike
1-2: Strikes out swinging
Top of the 5th over - 0 runs, 0 hits, 0 errors, 0 left on base; Grand Forks 3 - Myrtle Beach 0
BOTTOM OF THE 5TH
Myrtle Beach Seahawks batting - Pitching for Grand Forks Caterpillars : LHP Alex Bart
Batting: RHB Chris Walters 0-0: Foul Ball, location: 2F
0-1: Fly out, F8 (Flyball, 8LD)
Batting: RHB Roy Burns 0-0: Called Strike
0-1: Bunt for hit - play at first, batter safe!
Batting: LHB Felipe Soto 0-0: Fly out, F9 (Flyball, 9LMF)
Batting: RHB Chuk-yan Yang 0-0: Called Strike
0-1: Fielders Choice at 2nd, 5-4 (Groundball, 5)
Bottom of the 5th over - 0 runs, 1 hit, 0 errors, 1 left on base; Grand Forks 3 - Myrtle Beach 0
TOP OF THE 6TH
Grand Forks Caterpillars batting - Pitching for Myrtle Beach Seahawks : RHP Daryl Keirl
Batting: SHB Jorge Alou 0-0: Called Strike
0-1: Ball
1-1: Ball
2-1: Swinging Strike
2-2: Strikes out swinging
Batting: RHB Hang-ki Chung 0-0: Ball
1-0: Swinging Strike
1-1: Foul Ball, location: 2F
1-2: Fly out, F2 (Popup, 23F)
Batting: RHB Luis Pérez 0-0: Called Strike
0-1: Ball
1-1: Fly out, F8 (Flyball, 8RS)
Top of the 6th over - 0 runs, 0 hits, 0 errors, 0 left on base; Grand Forks 3 - Myrtle Beach 0
BOTTOM OF THE 6TH
Myrtle Beach Seahawks batting - Pitching for Grand Forks Caterpillars : LHP Alex Bart
Batting: LHB Peter Ough 0-0: Ball
1-0: SINGLE (Flyball, 7S)
Batting: RHB Qu-bing Thien 0-0: Called Strike
0-1: Ball
1-1: Ball
Peter Ough is caught stealing 2nd base
2-1: Ball
3-1: Foul Ball, location: 2F
3-2: Fly out, F4 (Popup, 13)
Batting: LHB Shohei Otani 0-0: Foul Ball, location: 2F
0-1: Called Strike
0-2: Strikes out swinging
Bottom of the 6th over - 0 runs, 1 hit, 0 errors, 0 left on base; Grand Forks 3 - Myrtle Beach 0
TOP OF THE 7TH
Grand Forks Caterpillars batting - Pitching for Myrtle Beach Seahawks : RHP Daryl Keirl
Pitching: RHP Sam Schultz
Batting: SHB Mathis Bonnet 0-0: Swinging Strike
0-1: Swinging Strike
0-2: Strikes out swinging
Batting: RHB Lee Scrooby 0-0: Ball
1-0: Called Strike
1-1: Ball
2-1: Swinging Strike
2-2: Strikes out swinging
Batting: RHB Cristián Ortíz 0-0: Called Strike
0-1: Ball
1-1: Ball
2-1: Called Strike
2-2: Fly out, F2 (Popup, 23F)
Top of the 7th over - 0 runs, 0 hits, 0 errors, 0 left on base; Grand Forks 3 - Myrtle Beach 0
BOTTOM OF THE 7TH
Myrtle Beach Seahawks batting - Pitching for Grand Forks Caterpillars : LHP Alex Bart
Batting: RHB Jon Moon 0-0: Swinging Strike
0-1: Ball
1-1: Called Strike
1-2: Foul Ball, location: 2F
1-2: Ball
2-2: Ball
3-2: Foul Ball, location: 2F
3-2: Base on Balls
Batting: RHB Melvin Aikey 0-0: Ball
1-0: Called Strike
1-1: Ball
2-1: Ball
3-1: Base on Balls
Jon Moon to second
Batting: RHB Chris Walters 0-0: Called Strike
0-1: Bunted foul
0-2: Ball
1-2: Ball
2-2: Ball
3-2: Ground out 6-3 (Groundball, 6S)
Jon Moon to third
Melvin Aikey to second
Pitching: RHP Roberto Roque
Batting: RHB Roy Burns 0-0: Fly out, F5 (Line Drive, 5S)
Batting: LHB Felipe Soto 0-0: SINGLE (Groundball, 4MD)
Jon Moon scores
Melvin Aikey to third
Runner from 3rd tries for Home, SAFE, no throw
Pinch Runner at 1st Pedro Larate:
Batting: RHB Chuk-yan Yang 0-0: Ball
1-0: Called Strike
1-1: Ball
2-1: Fly out, F8 (Flyball, 8LM)
Bottom of the 7th over - 2 runs, 1 hit, 0 errors, 1 left on base; Grand Forks 3 - Myrtle Beach 2
TOP OF THE 8TH
Grand Forks Caterpillars batting - Pitching for Myrtle Beach Seahawks : RHP Sam Schultz
Now in LF: Pedro Larate
Batting: LHB Mo-ruo Teoh 0-0: Called Strike
0-1: Foul Ball, location: 2F
0-2: Fly out, F9 (Flyball, 9S)
Batting: RHB Karsten Naarden 0-0: Swinging Strike
0-1: Ball
1-1: Ball
2-1: Called Strike
2-2: Strikes out swinging
Batting: RHB Jun Kung 0-0: Called Strike
0-1: Foul Ball, location: 2F
0-2: Foul Ball, location: 2F
0-2: Ball
1-2: Foul Ball, location: 2F
1-2: Foul Ball, location: 2F
1-2: Ball
2-2: Foul Ball, location: 2F
2-2: SINGLE (Groundball, 6MD)
Batting: SHB Jorge Alou 0-0: Called Strike
0-1: Swinging Strike
0-2: Strikes out swinging
Top of the 8th over - 0 runs, 1 hit, 0 errors, 1 left on base; Grand Forks 3 - Myrtle Beach 2
BOTTOM OF THE 8TH
Myrtle Beach Seahawks batting - Pitching for Grand Forks Caterpillars : RHP Roberto Roque
Batting: LHB Peter Ough 0-0: Called Strike
0-1: Swinging Strike
0-2: Ball
1-2: Strikes out swinging
Batting: RHB Qu-bing Thien 0-0: Called Strike
0-1: Ball
1-1: Ball
2-1: Ball
3-1: Swinging Strike
3-2: Foul Ball, location: 2F
3-2: Foul Ball, location: 2F
3-2: Foul Ball, location: 2F
3-2: Strikes out swinging
Batting: LHB Shohei Otani 0-0: Ball
1-0: Ball
2-0: Ball
3-0: Called Strike
3-1: Fly out, F8 (Flyball, 8LXD)
Bottom of the 8th over - 0 runs, 0 hits, 0 errors, 0 left on base; Grand Forks 3 - Myrtle Beach 2
TOP OF THE 9TH
Grand Forks Caterpillars batting - Pitching for Myrtle Beach Seahawks : RHP Sam Schultz
Batting: RHB Hang-ki Chung 0-0: Called Strike
0-1: Foul Ball, location: 2F
0-2: Strikes out swinging
Batting: RHB Luis Pérez 0-0: Ball
1-0: Ball
2-0: Called Strike
2-1: Foul Ball, location: 2F
2-2: Ball
3-2: Fly out, F7 (Flyball, 7)
Batting: SHB Mathis Bonnet 0-0: Ball
1-0: Ball
2-0: Ball
3-0: Called Strike
3-1: Foul Ball, location: 2F
3-2: Strikes out looking
Top of the 9th over - 0 runs, 0 hits, 0 errors, 0 left on base; Grand Forks 3 - Myrtle Beach 2
BOTTOM OF THE 9TH
Myrtle Beach Seahawks batting - Pitching for Grand Forks Caterpillars : RHP Roberto Roque
Batting: RHB Jon Moon 0-0: Swinging Strike
0-1: SINGLE (Line Drive, 7LM)
Batting: RHB Melvin Aikey 0-0: Ball
1-0: Bunt - Flyout! F5
Batting: RHB Chris Walters 0-0: Swinging Strike
0-1: Foul Ball, location: 2F
0-2: Ball
1-2: Fly out, F9 (Flyball, 9)
Batting: RHB Roy Burns 0-0: Ball
1-0: DOUBLE (Line Drive, 5D)
Jon Moon to third
Runner from 3rd tries for Home, SAFE, no throw
Batting: RHB Pedro Larate 0-0: Ball
1-0: Swinging Strike
1-1: Swinging Strike
1-2: Ball
2-2: Foul Ball, location: 2F
2-2: Strikes out swinging
Bottom of the 9th over - 1 run, 2 hits, 0 errors, 1 left on base; Grand Forks 3 - Myrtle Beach 3
TOP OF THE 10TH
Grand Forks Caterpillars batting - Pitching for Myrtle Beach Seahawks : RHP Sam Schultz
Batting: RHB Lee Scrooby 0-0: Ball
1-0: Swinging Strike
1-1: Ball
2-1: Foul Ball, location: 2F
2-2: Strikes out swinging
Batting: RHB Cristián Ortíz 0-0: Ball
1-0: Ball
2-0: Ball
3-0: Base on Balls
Batting: LHB Mo-ruo Teoh 0-0: Called Strike
0-1: Ball
1-1: Called Strike
1-2: Ball
2-2: Strikes out swinging
Pitching: LHP Garrett Schaper
Batting: RHB Karsten Naarden 0-0: Ball
1-0: Swinging Strike
1-1: Fly out, F3 (Popup, 13)
Top of the 10th over - 0 runs, 0 hits, 0 errors, 1 left on base; Grand Forks 3 - Myrtle Beach 3
BOTTOM OF THE 10TH
Myrtle Beach Seahawks batting - Pitching for Grand Forks Caterpillars : RHP Roberto Roque
Batting: RHB Chuk-yan Yang 0-0: Ball
1-0: Ball
2-0: Ball
3-0: Base on Balls
Batting: LHB Peter Ough 0-0: Ball
1-0: Ball
2-0: Foul Ball, location: 2F
2-1: Swinging Strike
2-2: Strikes out swinging
Batting: RHB Qu-bing Thien 0-0: Ball
1-0: SINGLE (Groundball, 56D)
Chuk-yan Yang to second
Batting: LHB Shohei Otani 0-0: Called Strike
0-1: Ball
1-1: Grounds into double play, 4-6-3 (Groundball, 4)
Bottom of the 10th over - 0 runs, 1 hit, 0 errors, 1 left on base; Grand Forks 3 - Myrtle Beach 3
TOP OF THE 11TH
Grand Forks Caterpillars batting - Pitching for Myrtle Beach Seahawks : LHP Garrett Schaper
Batting: RHB Jun Kung 0-0: Ball
1-0: Called Strike
1-1: Ball
2-1: Ball
3-1: SINGLE (Groundball, 56D)
Pinch Hitting: RHB Roberto Flores 0-0: Called Strike
0-1: Foul Ball, location: 2F
0-2: Strikes out looking
Batting: RHB Hang-ki Chung 0-0: Called Strike
0-1: Fly out, F5 (Line Drive, 5)
Batting: RHB Luis Pérez 0-0: 2-RUN HOME RUN (Flyball, 7D), Distance : 428 ft
Batting: SHB Mathis Bonnet 0-0: Ball
1-0: Ball
2-0: Called Strike
2-1: Foul Ball, location: 2F
2-2: Foul Ball, location: 2F
2-2: Foul Ball, location: 2F
2-2: Ball
3-2: Strikes out swinging
Top of the 11th over - 2 runs, 2 hits, 0 errors, 0 left on base; Grand Forks 5 - Myrtle Beach 3
BOTTOM OF THE 11TH
Myrtle Beach Seahawks batting - Pitching for Grand Forks Caterpillars : RHP Roberto Roque
Now in CF: Hirotada Rin
Batting: RHB Jon Moon 0-0: Ball
1-0: Foul Ball, location: 2F
1-1: Reached on error, E4 (Groundball, 34)
Pitching: RHP Carlos Cardoso
Batting: RHB Melvin Aikey 0-0: Ground out 6-3 (Groundball, 6M)
Jon Moon to third
Batting: RHB Chris Walters 0-0: Ball
1-0: Ball
2-0: Ball
3-0: Base on Balls
Pinch Runner at 1st Hildo Oerlemans:
Batting: RHB Roy Burns 0-0: Called Strike
0-1: Ball
1-1: Called Strike
1-2: Ball
2-2: Fly out, F8 (Flyball, 89M)
Batting: RHB Pedro Larate 0-0: Ball
1-0: Ground out 6-3 (Groundball, 56)
Bottom of the 11th over - 0 runs, 0 hits, 1 error, 2 left on base; Grand Forks 5 - Myrtle Beach 3
Sunday, March 18th, 2018 - OOTP Baseball 18.8 Build 76